 Dungeon Crawl Stone Soup version 0.19.3-1-g3169bf9 (console) character file.

787 Kloppie the Chopper (level 8, 0/63 HPs)
             Began as a Formicid Berserker on Jan 24, 2017.
             Was a Priest of Trog.
             Slain by an ogre
             ... wielding a +0 giant club
              (12 damage)
             ... on level 4 of the Dungeon.
             The game lasted 00:05:31 (3550 turns).

Kloppie the Chopper (Formicid Berserker)            Turns: 3550, Time: 00:05:32

Health: 0/63       AC: 11    Str: 22    XL:     8   Next: 11%
Magic:  8/8        EV:  9    Int: 11    God:    Trog [***...]
Gold:   130        SH:  0    Dex: 17    Spells: 0 memorised, 7 levels left

rFire  . . .     SeeInvis +     a - +0 hand axe
rCold  . . .     Gourm    .     j - +0 chain mail
rNeg   . . .     Faith    .     (no shield)
rPois  .         Spirit   .     (helmet unavailable)
rElec  +         Reflect  .     (no cloak)
rCorr  .         Harm     .     l - +0 pair of gloves
MR     .....                    (no boots)
Stlth  ..........               (no amulet)
                                m - +5 ring of dexterity
                                f - +4 ring of intelligence

@: confused
A: permanent stasis, dig shafts and tunnels, four strong arms, antennae 3,
blurry vision 2, mutation resistance 1, electricity resistance, sturdy frame 1
a: Dig, Shaft Self, Trog's Hand, Burn Spellbooks, Renounce Religion


You were on level 4 of the Dungeon.
You worshipped Trog.
Trog was most pleased with you.
You were not hungry.

You visited 1 branch of the dungeon, and saw 4 of its levels.

You collected 130 gold pieces.

Inventory:

Hand Weapons
 a - a +0 hand axe (weapon)
Armour
 j - a +0 chain mail (worn)
 l - a +0 pair of gloves (worn)
 p - a +0 shield
Jewellery
 f - a +4 ring of intelligence (left hand)
 m - a +5 ring of dexterity (right hand)
 n - a cursed -2 ring of strength {unknown}
Scrolls
 b - a scroll of remove curse
 h - 3 scrolls of identify
 k - a scroll of recharging {unknown}
 r - a scroll of blinking {unknown}
Potions
 o - a potion of magic
Comestibles
 c - 4 bread rations
 g - 2 meat rations
 i - 5 fruits
 q - a beef jerky
 s - 8 chunks of flesh


   Skills:
 - Level 5.4 Fighting
 + Level 6.6 Axes
 + Level 5.4 Armour
 - Level 1.7 Dodging


You had 7 spell levels left.
You didn't know any spells.

Dungeon Overview and Level Annotations

Branches:
Dungeon (4/15)             Temple (0/1) D:4

Altars:
Fedhas
Kikubaaqudgha
Yredelemnul
Zin


Innate Abilities, Weirdness & Mutations

You are under a permanent stasis effect.
You can dig through walls and to a lower floor.
Your four strong arms can wield two-handed weapons with a shield.
You have a pair of large antennae on your head. (SInv)
Scrolls take you longer to read.
You are somewhat resistant to further mutation.
You are resistant to electric shocks. (rElec)
Your movements are slightly less encumbered by armour. (ER -2)


Message History

The ogre is moderately wounded.
The ogre hits you with a giant club!!
* * * LOW HITPOINT WARNING * * *
You are too injured to fight recklessly!
You are too injured to fight recklessly!
You are too injured to fight recklessly!
You hit the ogre.
The ogre is moderately wounded.
The ogre hits you with a giant club!
* * * LOW HITPOINT WARNING * * *
You hit the ogre.
The ogre is heavily wounded.
The ogre hits you with a giant club!
* * * LOW HITPOINT WARNING * * *
You barely miss the ogre.
The ogre is heavily wounded.
You are confused.
You feel invigorated. The ogre closely misses you.
The ogre hits you with a giant club!
You die...

# # ###.### # #.....# ####.#
##.....## .....# .......
###### ..... # # ...
########.#######O#
...)............@####
..)).......######...########
.###.#####.# #...........
#.##.# ###.### ##...########
##...# #.....# #..)##
#.##.###.....###.###
.###.............# .#
#####.....##### .# #.....#


You could see an ogre.

Vanquished Creatures
  The ghost of tschems the Chopper, an amateur HuFi of Okawaru (D:4)
  Sigmund (D:3)
  Menkaure (D:4)
  A hound (D:4)
  2 orc wizards (D:4)
  Ijyb (D:2)
  2 worker ants
  3 gnolls (D:2)
  4 adders
  An ooze (D:1)
  4 worms
  A dart slug (D:2)
  A leopard gecko (D:1)
  4 orcs (D:4)
  2 ball pythons (D:3)
  2 giant cockroaches (D:2)
  7 goblins
  8 hobgoblins
  4 jackals (D:1)
  8 kobolds
  11 bats
  6 frilled lizards
  7 rats
82 creatures vanquished.

Notes
Turn   | Place    | Note
-------+----------+-------------------------------------------
     0 | D:1      | Kloppie the Formicid Berserker began the quest for the Orb.
     0 | D:1      | Reached XP level 1. HP: 18/18 MP: 1/1
    91 | D:1      | Reached XP level 2. HP: 16/25 MP: 2/2
   192 | D:1      | Reached XP level 3. HP: 17/30 MP: 3/3
   569 | D:1      | Reached ** piety under Trog
   949 | D:2      | Reached XP level 4. HP: 32/38 MP: 4/4
  1172 | D:2      | Reached skill level 4 in Axes
  1221 | D:2      | Reached XP level 5. HP: 9/43 MP: 5/5
  1624 | D:2      | Found an ancient bone altar of Kikubaaqudgha.
  1684 | D:2      | Reached skill level 5 in Fighting
  2056 | D:2      | Gained mutation: Your movements are slightly less encumbered by armour. (ER -2) [potion of mutation]
  2056 | D:2      | Gained mutation: Scrolls take you a little longer to read. [potion of mutation]
  2056 | D:2      | Gained mutation: Scrolls take you longer to read. [potion of mutation]
  2057 | D:2      | Gained mutation: Scrolls take you much longer to read. [potion of mutation]
  2057 | D:2      | Gained mutation: You are resistant to electric shocks. (rElec) [potion of mutation]
  2057 | D:2      | Lost mutation: Scrolls take you much longer to read. [potion of mutation]
  2083 | D:3      | Noticed Ijyb
  2083 | D:3      | Noticed Sigmund
  2117 | D:2      | Killed Ijyb
  2301 | D:3      | Killed Sigmund
  2301 | D:3      | Reached skill level 5 in Axes
  2301 | D:3      | Reached XP level 6. HP: 39/51 MP: 6/6
  2477 | D:3      | Found a blossoming altar of Fedhas.
  2477 | D:3      | Found a basalt altar of Yredelemnul.
  2555 | D:3      | Gained mutation: You are somewhat resistant to further mutation. [potion of beneficial mutation]
  2805 | D:4      | Noticed Menkaure
  2814 | D:4      | Killed Menkaure
  2814 | D:4      | Reached XP level 7. HP: 19/56 MP: 7/7
  3131 | D:4      | Found a glowing silver altar of Zin.
  3222 | D:4      | Found a staircase to the Ecumenical Temple.
  3275 | D:4      | Noticed tschems's ghost (amateur HuFi)
  3308 | D:4      | Killed tschems's ghost
  3308 | D:4      | Reached skill level 6 in Axes
  3308 | D:4      | Reached skill level 5 in Armour
  3437 | D:4      | Reached XP level 8. HP: 51/63 MP: 8/8
  3541 | D:4      | Reached *** piety under Trog
  3547 | D:4      | HP: 3/63 [ogre/giant club (12)]
  3550 | D:4      | Slain by an ogre

Skill      XL: |  1  2  3  4  5  6  7 |
---------------+----------------------+-----
Fighting       | 4 5 |  5.4
Axes           | 4 5 6 |  6.6
Armour         | 3 4 5 |  5.4
Dodging        | |  1.7

Action                   |  1- 3 |  4- 6 |  7- 9 || total
-------------------------+-------+-------+-------++-------
Melee: Hand axe          |   103 |   181 |    73 ||   357
Invok: Trog's Hand       |       |     3 |     1 ||     4
  Use: Potion            |       |     5 |     3 ||     8
       Scroll            |       |     5 |       ||     5
  Eat: Chunk             |       |     7 |     3 ||    10
Armor: Animal skin       |     3 |       |       ||     3
       Ring mail         |    49 |    42 |       ||    91
       Scale mail        |       |    11 |       ||    11
       Chain mail        |       |       |    30 ||    30
Dodge: Dodged            |    73 |   109 |    35 ||   217
